 Dungeon Crawl Stone Soup version 0.29.0-11-gd7f09526c8 (webtiles) character file.

Game seed: 11892171646233006547

108 RascalDebosk the Shield-Bearer (level 5, -2/42 HPs)
             Began as a Formicid Fighter on Sept 4, 2022.
             Slain by an ogre
             ... wielding a +0 giant club
              (13 damage)
             ... on level 3 of the Dungeon.
             The game lasted 00:14:34 (1940 turns).

RascalDebosk the Shield-Bearer (Formicid Fighter)   Turns: 1940, Time: 00:14:53

Health: -2/42      AC:  7    Str: 23    XL:     5   Next: 12%
Magic:  6/6        EV:  9    Int:  7    God:
Gold:   96         SH:  5    Dex: 13    Spells: 4/4 levels left

rFire   . . .      SeeInvis +   a - +0 war axe
rCold   . . .      Faith    .   c - +0 buckler
rNeg    . . .      Spirit   .   b - +0 scale mail
rPois   .          Reflect  .   (helmet unavailable)
rElec   .          Harm     .   (no cloak)
rCorr   .          Rampage  .   (no gloves)
Will    .....                   (no boots)
Stlth   ..........              e - amulet of magic regeneration
HPRegen 0.14/turn               (no ring)
MPRegen 0.50/turn               (no ring)

@: lethally poisoned (-2 -> -7)
A: permanent stasis, dig shafts and tunnels, antennae 3, four strong arms
a: Dig, Shaft Self


You were on level 3 of the Dungeon.
You visited 1 branch of the dungeon, and saw 3 of its levels.

You collected 96 gold pieces.

Inventory:

Hand Weapons
 a - a +0 war axe (weapon)
Missiles
 j - 6 atropa-tipped darts
Armour
 b - a +0 scale mail (worn)
 c - a +0 buckler (worn)
Jewellery
 e - an amulet of magic regeneration (around neck)
Wands
 s - a wand of flame (23)
Scrolls
 g - 2 scrolls of noise {unknown}
 h - 2 scrolls of identify {unknown}
 k - a scroll of summoning {unknown}
 l - a scroll of teleportation {unknown}
 o - a scroll of fear {unknown}
 p - 3 scrolls of vulnerability {unknown}
Potions
 d - a potion of might
 f - a potion of haste {unknown}
 i - a potion of ambrosia {unknown}
 m - a potion of lignification {unknown}
 q - a potion of cancellation {unknown}
 r - a potion of degeneration {unknown}
 t - a potion of heal wounds {unknown}
 u - a potion of brilliance {unknown}


   Skills:
 + Level 3.7 Fighting
 + Level 2.5 Axes
 + Level 1.2 Throwing
 + Level 3.7 Armour
 + Level 4.6 Shields
 + Level 1.5 Invocations
 + Level 1.6 Evocations


You had 4 spell levels left.
You didn't know any spells.
Your spell library contained the following spells:

 Spells                   Type           Power      Damage    Failure   Level
 Sandblast                Erth           0%         2d4       80%         1
 Ensorcelled Hibernation  Hex/Ice        0%         N/A       91%         2
 Passwall                 Tmut/Erth      0%         N/A       91%         2
 Spider Form              Tmut/Pois      0%         N/A       99%         3
 Stone Arrow              Conj/Erth      0%         3d7       99%         3
 Anguish                  Hex/Necr       0%         N/A       100%        4


Dungeon Overview and Level Annotations

Branches:
Dungeon (3/15)

Altars:


Innate Abilities, Weirdness & Mutations

You cannot be hasted, slowed, berserked, paralysed or teleported.
You can dig through walls and to a lower floor.
You have a pair of large antennae on your head. (SInv)
Your four strong arms can wield two-handed weapons with a shield.


Message History

* * * LOW HITPOINT WARNING * * *
You are lethally poisoned!
You feel better. You block the bat's attack.
The goblin hits you but does no damage. The gnoll closely misses you.
The gnoll barely misses you. The gnoll attacks as you move away!
The gnoll hits you with a +2 spear of venom.
You block the bat's attack. The gnoll hits you but does no damage.
You slash the goblin!
You kill the goblin!
The bat barely misses you. You block the gnoll's attack.
The bat hits you but does no damage. You block the gnoll's attack.
You closely miss the ogre. You closely miss the bat. The bat barely misses you.
The bat hits you but does no damage. The bat closely misses you.
The gnoll hits you from afar with a +2 spear of venom.
You are poisoned.
You block the ogre's attack.
The gnoll hits you from afar with a +2 spear of venom.
* * * LOW HITPOINT WARNING * * *
You are lethally poisoned!
You feel better. The bat hits you but does no damage.
The ogre closely misses you. You block the gnoll's attack.
You block the bat's attack.
You slash the ogre!
The ogre is heavily wounded.
You hit the bat.
You kill the bat!
The ogre misses you. You block the gnoll's attack.
You completely miss the ogre.
The ogre is heavily wounded.
The gnoll hits you from afar with a +2 spear of venom.
You are poisoned.
The ogre completely misses you.
You hit the ogre.
The ogre is severely wounded.
You feel very sick.
The gnoll hits you from afar with a +2 spear of venom.
* * * LOW HITPOINT WARNING * * *
The ogre hits you with a +0 giant club!
You die...

#....######### .. #..#.#
...
#.#####.###########.#.
......................
##############....#.#.
#. .......['....# ...
#########....# #.######
#...#....#
##..#...####@#.#....###.
.........gwO†#..........
........#.g#.###....####
...........#...†........
.........#.###.#####....
.........#.....# ....
.......#.###..## ...
.......#......# ..
#.....{###....#


You could see an ogre, 2 gnolls and a dart slug.

Vanquished Creatures
  Jessica (D:2)
  Robin (D:2)
  A gnoll (D:3)
  2 dart slugs
  5 endoplasms
  2 giant cockroaches
  9 goblins
  11 hobgoblins
  3 jackals (D:1)
  4 ball pythons
  5 bats
  2 frilled lizards (D:1)
  2 kobolds
  5 rats
53 creatures vanquished.

Notes
Turn   | Place    | Note
-------+----------+-------------------------------------------
     0 | D:1      | RascalDebosk the Formicid Fighter began the quest for the
                  | Orb.
     0 | D:1      | Reached XP level 1. HP: 18/18 MP: 1/1
    67 | D:1      | Reached XP level 2. HP: 20/24 MP: 2/2
   543 | D:1      | Reached XP level 3. HP: 25/29 MP: 3/3
   616 | D:1      | Reached skill level 1 in Evocations
   943 | D:2      | Noticed Jessica
   945 | D:2      | Killed Jessica
   946 | D:2      | Reached skill level 1 in Throwing
   946 | D:2      | Reached skill level 1 in Invocations
   946 | D:2      | Reached XP level 4. HP: 36/36 MP: 4/4
  1196 | D:2      | Noticed Robin
  1207 | D:2      | Killed Robin
  1914 | D:3      | Noticed an ogre
  1929 | D:3      | Reached XP level 5. HP: 19/42 MP: 6/6
  1940 | D:3      | Slain by an ogre

Illustrated notes

Levels and vault maps discovered:
D:1:      lightli_arrival_maybe_door_vault, layout_rooms
D:2:      layout_loops_corners, uniq_robin, uniq_jessica
D:3:      layout_basic, tso_altar, nicolae_uskayaw_en_pointe,
          mainiacjoe_overflow_boulevard, chequers_ecumenical_altar_simple_redux,
          hangedman_abyss_or_decor_stabs

Skill      XL: |  1  2  3 |
---------------+----------+-----
Evocations     | 1 |  1.6
Throwing       | 1 |  1.2
Invocations    | 1 |  1.5
Fighting       | |  3.7
Axes           | |  2.5
Armour         | |  3.7
Shields        | |  4.6

Action                   |  1- 3 |  4- 6 || total
-------------------------+-------+-------++-------
Melee: War axe           |    49 |    53 ||   102
  Use: Potion            |       |     3 ||     3
Armor: Scale mail        |    36 |    38 ||    74
Dodge: Dodged            |    34 |    42 ||    76
Block: Buckler           |    15 |    31 ||    46
